 Dungeon Crawl Stone Soup version 0.23.1 (webtiles) character file.

Game seed: 3287939672727127667

5365 Chiseanne the Fighter (level 10, 0/88 HPs)
             Began as a Gnoll Wanderer on Mar 8, 2019.
             Was an Initiate of Gozag.
             Slain by a yak (10 damage)
             ... on level 9 of the Dungeon.
             The game lasted 00:25:07 (9713 turns).

Chiseanne the Fighter (Gnoll Wanderer)              Turns: 9713, Time: 00:25:08

Health: 0/88       AC:  9    Str: 14    XL:     10   Next: 65%
Magic:  18/18      EV: 15    Int: 24    God:    Gozag
Gold:   330        SH:  0    Dex: 15    Spells: 5/19 levels left

rFire    + + .     SeeInvis .   a - +3 glaive (venom)
rCold    . . .     Gourm    .   (shield currently unavailable)
rNeg     . . .     Faith    .   u - +1 leather armour {rF+}
rPois    .         Spirit   .   (no helmet)
rElec    .         Reflect  .   h - +0 cloak (curse)
rCorr    .         Harm     .   P - +1 pair of gloves
MR       .....                  O - +0 pair of boots
Stlth    +++.......             x - amulet of magic regeneration
HPRegen  0.24/turn              k - ring of protection from fire
MPRegen  0.41/turn              D - +6 ring of intelligence

@: gold aura, very slightly contaminated
A: distributed training, fangs 1, strong nose
a: Potion Petition, Call Merchant, Bribe Branch, Renounce Religion


You were on level 9 of the Dungeon.
You worshipped Gozag.
Gozag was aware of your devotion.
You were very hungry.

You visited 2 branches of the dungeon, and saw 10 of its levels.

You collected 1425 gold pieces.
You spent 323 gold pieces at shops.
You paid 772 gold pieces to Gozag.

Inventory:

Hand Weapons
 a - a +3 glaive of venom (weapon)
 d - a +2 dagger of protection
 s - a +2 quarterstaff of chaos
 J - a +4 club {** Badass ugly stick **}
Missiles
 f - 27 arrows
 l - 53 sling bullets
 m - 325 stones (quivered)
 o - 79 bolts
 t - 6 tomahawks
 E - 3 exploding tomahawks
 H - 29 poisoned needles
Armour
 h - a cursed +0 cloak (worn)
 u - a +1 leather armour of fire resistance (worn)
 O - a +0 pair of boots (worn)
 P - a +1 pair of gloves (worn)
Jewellery
 k - a ring of protection from fire (left hand)
 q - an uncursed ring of positive energy
 x - an amulet of magic regeneration (around neck)
 D - a +6 ring of intelligence (right hand)
 K - an uncursed amulet of rage {unknown}
Wands
 G - a wand of polymorph (7)
 L - a wand of paralysis (4)
 N - a wand of random effects (10)
Scrolls
 b - 2 scrolls of fear
 c - 4 scrolls of teleportation
 p - 4 scrolls of remove curse
 v - 2 scrolls of fog
 I - a scroll of immolation
Potions
 e - a potion of cancellation
 i - a potion of haste
 j - 2 potions of resistance
 n - 2 potions of magic
 r - 3 potions of brilliance
 w - a potion of curing
 y - a potion of lignification
 z - a potion of ambrosia
 A - a potion of agility
 B - 2 potions of might
 C - a potion of berserk rage
 M - a potion of mutation {unknown}
 Q - a potion of flight {unknown}
Comestibles
 g - 11 rations


   Skills:
 + Level 11.5 Fighting
 + Level 5.4 Short Blades
 + Level 5.4 Long Blades
 + Level 5.4 Axes
 + Level 5.4 Maces & Flails
 + Level 5.4 Polearms
 + Level 5.4 Staves
 + Level 5.4 Slings
 + Level 5.4 Bows
 + Level 5.4 Crossbows
 + Level 5.4 Throwing
 + Level 5.4 Armour
 + Level 6.0 Dodging
 + Level 5.9 Stealth
 + Level 5.4 Shields
 + Level 7.1 Unarmed Combat
 + Level 5.4 Spellcasting
 + Level 4.4 Conjurations
 + Level 4.4 Hexes
 + Level 4.4 Charms
 + Level 4.4 Summonings
 + Level 4.4 Necromancy
 + Level 4.4 Translocations
 + Level 4.4 Transmutations
 + Level 4.4 Fire Magic
 + Level 4.4 Ice Magic
 + Level 4.4 Air Magic
 + Level 4.4 Earth Magic
 + Level 4.4 Poison Magic
 + Level 5.9 Invocations
 + Level 6.0 Evocations


You had 5 spell levels left.
You knew the following spells:

 Your Spells              Type           Power        Failure   Level  Hunger
a - Blink                 Tloc           N/A          2%          2    None
b - Confuse               Hex            ####....     4%          3    ##.....
c - Dazzling Spray        Conj/Hex       ####..       4%          3    ##.....
d - Mephitic Cloud        Conj/Pois/Air  ####....     4%          3    ##.....
e - Tukima's Dance        Hex            ####....     4%          3    ##.....

Your spell library contained the following spells:

 Spells                   Type           Power        Failure   Level  Hunger
 Confusing Touch          Hex            ####..       1%          1    None
 Corona                   Hex            ####...      1%          1    None
 Magic Dart               Conj           ####         1%          1    None
 Call Imp                 Summ           ####....     2%          2    None
 Ensorcelled Hibernation  Hex/Ice        ####..       2%          2    None
 Slow                     Hex            ####....     2%          2    None
 Conjure Flame            Conj/Fire      ####....     4%          3    ##.....
 Gell's Gravitas          Tloc           ####......   4%          3    ##.....
 Petrify                  Tmut/Erth      ####....     17%         4    ####...
 Metabolic Englaciation   Hex/Ice        ####......   43%         5    #####..
 Yara's Violent Unravell  Hex/Tmut       ####......   43%         5    #####..


Dungeon Overview and Level Annotations

Branches:
Dungeon (9/15)             Temple (1/1) D:4
   Lair: D:8-11         Orc: D:9-12

Altars:
Ashenzari
Cheibriados
Dithmenos
Elyvilon
Fedhas
Gozag
Hepliaklqana
Kikubaaqudgha
Makhleb
Nemelex Xobeh
Okawaru
Qazlal
Ru
Sif Muna
Uskayaw
Vehumet
Wu Jian
Xom
Yredelemnul
Zin
The Shining One

Shops:
D:7 *

Annotations:
D:9 1 runed translucent door


Innate Abilities, Weirdness & Mutations

Your experience applies equally to all skills.
You have very sharp teeth.
Your uncanny sense of smell can sniff out nearby items.


Message History

You bite the yak, but do no damage.
The yak is moderately wounded.
You flicker back into view.
The yak closely misses you. x2
The yak gores you.
* * * LOW HITPOINT WARNING * * *
You slash the yak!
You kill the yak!
The yak gores you.
* * * LOW HITPOINT WARNING * * *
The yak gores you.
* * * LOW HITPOINT WARNING * * *
You slash the yak!
The yak is severely wounded.
The yak looks more healthy.
The yak misses you.
You hit the yak.
The yak is poisoned.
The yak is almost dead.
The yak gores you!
You die...
Your body crumbles into a pile of gold.

.##..........#......#
#.# #
#..........#......# #$#
#
#..........#......####.#
#
#>.........#....$......#
#
#..........#...##......#
#
#..........#...##.###..#
###..........#...##.#
#..# ...........
#..Y##.# #..#
........... #..@##.#
#..# ...........
#...##.# #...
........... #...##.#
#.... ...........
#...##.# ...#
........... #...#
........... #...#
.......... #...# .....


You could see a yak.

Vanquished Creatures
  A two-headed ogre (D:8)
  A hippogriff (D:8)
  A hog (D:7)
  10 yaks
  A water moccasin (D:7)
  2 ice beasts
  A sky beast (D:8)
  An orc warrior (D:7)
  2 black bears
  4 ogres
  A phantom (D:4)
  A necrophage (D:6)
  A centaur (D:6)
  A scorpion (D:6)
  A howler monkey (D:7)
  6 crimson imps
  A centaur zombie (D:5)
  A quasit (D:7)
  A bullfrog zombie (D:5)
  A jelly (D:8)
  4 hounds
  6 orc priests
  Crazy Yiuf (D:2)
  2 bullfrog skeletons (D:5)
  2 iguanas (D:5)
  8 orc wizards
  9 worker ants
  Terence (D:2)
  A hound skeleton (D:5)
  4 adders
  3 gnolls (D:8)
  7 shadow imps
  An ooze (D:7)
  4 adder skeletons
  A worm (D:6)
  2 dart slugs
  3 leopard geckos
  55 orcs
  7 giant cockroaches
  8 goblins
  8 hobgoblins
  11 jackals
  9 kobolds
  4 quokkas
  2 ball pythons
  8 bats
  4 frilled lizards
  A giant cockroach zombie (D:5)
  7 rats
222 creatures vanquished.

Vanquished Creatures (collateral kills)
  A hog (D:7)
  A human (D:7)
2 creatures vanquished.

Vanquished Creatures (others)
  A hog (D:7)
1 creature vanquished.

Grand Total: 225 creatures vanquished

Notes
Turn   | Place    | Note
-------+----------+-------------------------------------------
     0 | D:1      | Reached skill level 10 in Fighting
     0 | D:1      | Chiseanne the Gnoll Wanderer began the quest for the Orb.
     0 | D:1      | Chiseanne set off with the following items: a potion of
                  | haste, a scroll of fear, a scroll of teleportation, a
                  | potion of lignification, a +0 robe, a +0 club, a ration
     0 | D:1      | Reached XP level 1. HP: 28/28 MP: 2/2
   270 | D:1      | Reached XP level 2. HP: 36/36 MP: 3/3
   717 | D:1      | Reached XP level 3. HP: 35/42 MP: 4/4
  1322 | D:2      | Found a faded altar of an unknown god.
  1330 | D:2      | Reached skill level 1 in Invocations
  1502 | D:2      | Reached skill level 1 in Short Blades
  1502 | D:2      | Reached skill level 1 in Long Blades
  1502 | D:2      | Reached skill level 1 in Axes
  1502 | D:2      | Reached skill level 1 in Maces & Flails
  1502 | D:2      | Reached skill level 1 in Polearms
  1502 | D:2      | Reached skill level 1 in Staves
  1502 | D:2      | Reached skill level 1 in Slings
  1502 | D:2      | Reached skill level 1 in Bows
  1502 | D:2      | Reached skill level 1 in Crossbows
  1502 | D:2      | Reached skill level 1 in Throwing
  1502 | D:2      | Reached skill level 1 in Armour
  1502 | D:2      | Reached skill level 1 in Shields
  1502 | D:2      | Reached skill level 1 in Spellcasting
  1508 | D:2      | Reached XP level 4. HP: 39/48 MP: 6/6
  1820 | D:2      | Found a runed translucent door.
  1820 | D:2      | Noticed Terence
  1821 | D:2      | Noticed Crazy Yiuf
  1824 | D:2      | Chiseanne: LOL
  1834 | D:2      | Killed Terence
  1836 | D:2      | Killed Crazy Yiuf
  1836 | D:2      | Reached skill level 1 in Conjurations
  1836 | D:2      | Reached skill level 1 in Hexes
  1836 | D:2      | Reached skill level 1 in Charms
  1836 | D:2      | Reached skill level 1 in Summonings
  1836 | D:2      | Reached skill level 1 in Necromancy
  1836 | D:2      | Reached skill level 1 in Translocations
  1836 | D:2      | Reached skill level 1 in Transmutations
  1836 | D:2      | Reached skill level 1 in Fire Magic
  1836 | D:2      | Reached skill level 1 in Ice Magic
  1836 | D:2      | Reached skill level 1 in Air Magic
  1836 | D:2      | Reached skill level 1 in Earth Magic
  1836 | D:2      | Reached skill level 1 in Poison Magic
  2036 | D:3      | Reached XP level 5. HP: 54/54 MP: 7/7
  2081 | D:3      | Found a sacrificial altar of Ru.
  2707 | D:4      | Reached XP level 6. HP: 46/61 MP: 8/8
  2851 | D:4      | Found a staircase to the Ecumenical Temple.
  2871 | Temple   | Entered the Ecumenical Temple
  2987 | Temple   | Became a worshipper of Gozag Ym Sagoz the Greedy
  3134 | D:4      | Reached skill level 5 in Unarmed Combat
  3208 | D:4      | Noticed a phantom
  3243 | D:4      | Killed a phantom
  3243 | D:4      | Reached XP level 7. HP: 58/67 MP: 10/10
  3629 | D:5      | Entered Level 5 of the Dungeon
  4577 | D:5      | Reached XP level 8. HP: 62/74 MP: 12/12
  5642 | D:6      | Found a radiant altar of Vehumet.
  5799 | D:6      | Reached XP level 9. HP: 46/79 MP: 14/14
  5812 | D:6      | Reached skill level 11 in Fighting
  7335 | D:7      | Found a glowing silver altar of Zin.
  7338 | D:7      | Found a deep blue altar of Sif Muna.
  7340 | D:7      | Found a white marble altar of Elyvilon.
  7486 | D:7      | Reached skill level 5 in Dodging
  7486 | D:7      | Reached skill level 5 in Evocations
  7672 | D:7      | Reached skill level 5 in Stealth
  7821 | D:7      | Learned a level 2 spell: Blink
  7825 | D:7      | Learned a level 3 spell: Confuse
  7829 | D:7      | Learned a level 3 spell: Dazzling Spray
  7833 | D:7      | Learned a level 3 spell: Mephitic Cloud
  7837 | D:7      | Learned a level 3 spell: Tukima's Dance
  7972 | D:7      | Bought a runed glaive for 323 gold pieces
  7979 | D:8      | Noticed a two-headed ogre
  7988 | D:8      | Killed a two-headed ogre
  7988 | D:8      | Reached skill level 5 in Invocations
  7988 | D:8      | Reached XP level 10. HP: 7/88 MP: 15/17
  9093 | D:8      | Reached skill level 5 in Short Blades
  9093 | D:8      | Reached skill level 5 in Long Blades
  9093 | D:8      | Reached skill level 5 in Axes
  9093 | D:8      | Reached skill level 5 in Maces & Flails
  9093 | D:8      | Reached skill level 5 in Polearms
  9093 | D:8      | Reached skill level 5 in Staves
  9093 | D:8      | Reached skill level 5 in Slings
  9093 | D:8      | Reached skill level 5 in Bows
  9093 | D:8      | Reached skill level 5 in Crossbows
  9093 | D:8      | Reached skill level 5 in Throwing
  9093 | D:8      | Reached skill level 5 in Armour
  9093 | D:8      | Reached skill level 5 in Shields
  9093 | D:8      | Reached skill level 5 in Spellcasting
  9112 | D:8      | You fall through a shaft!
  9158 | D:9      | Noticed an ice dragon
  9626 | D:9      | Found a runed translucent door.
  9627 | D:9      | Noticed an ice dragon
  9630 | D:9      | Noticed a fire dragon
  9713 | D:9      | Slain by a yak

Skill      XL: |  1  2  3  4  5  6  7  8  9 10 |
---------------+-------------------------------+-----
Fighting       | 11 | 11.5
Invocations    | 1 2 3 4 5 |  5.9
Short Blades   | 1 2 3 4 5 |  5.4
Long Blades    | 1 2 3 4 5 |  5.4
Axes           | 1 2 3 4 5 |  5.4
Maces & Flails | 1 2 3 4 5 |  5.4
Polearms       | 1 2 3 4 5 |  5.4
Staves         | 1 2 3 4 5 |  5.4
Slings         | 1 2 3 4 5 |  5.4
Bows           | 1 2 3 4 5 |  5.4
Crossbows      | 1 2 3 4 5 |  5.4
Throwing       | 1 2 3 4 5 |  5.4
Armour         | 1 2 3 4 5 |  5.4
Shields        | 1 2 3 4 5 |  5.4
Spellcasting   | 1 2 3 4 5 |  5.4
Conjurations   | 1 2 3 4 |  4.4
Hexes          | 1 2 3 4 |  4.4
Charms         | 1 2 3 4 |  4.4
Summonings     | 1 2 3 4 |  4.4
Necromancy     | 1 2 3 4 |  4.4
Translocations | 1 2 3 4 |  4.4
Transmutations | 1 2 3 4 |  4.4
Fire Magic     | 1 2 3 4 |  4.4
Ice Magic      | 1 2 3 4 |  4.4
Air Magic      | 1 2 3 4 |  4.4
Earth Magic    | 1 2 3 4 |  4.4
Poison Magic   | 1 2 3 4 |  4.4
Dodging        | 3 4 5 6 |  6.0
Evocations     | 3 4 5 6 |  6.0
Stealth        | 3 4 5 |  5.9
Unarmed Combat | 5 6 7 |  7.1

Action                   |  1- 3 |  4- 6 |  7- 9 | 10-12 || total
-------------------------+-------+-------+-------+-------++-------
Melee: Club              |    33 |    29 |       |       ||    62
       Bite              |    14 |    12 |    47 |    15 ||    88
       Dagger            |    67 |    12 |       |       ||    79
       Quarterstaff      |       |    69 |   356 |       ||   425
       Punch             |       |     1 |       |       ||     1
       Glaive            |       |       |     6 |   128 ||   134
Invok: Call Merchant     |       |       |     1 |       ||     1
Evoke: Wand              |       |     3 |    11 |     7 ||    21
  Use: Scroll            |     7 |     9 |     7 |       ||    23
       Potion            |       |     3 |     1 |     1 ||     5
 Stab: Sleeping          |     2 |     4 |     5 |       ||    11
       Petrified         |       |     1 |       |       ||     1
       Distracted        |       |       |     1 |       ||     1
       Paralysed         |       |       |     1 |     1 ||     2
       Petrifying        |       |       |     1 |       ||     1
       Invisible         |       |       |       |     3 ||     3
  Eat: Chunk             |     2 |     5 |       |       ||     7
       Ration            |       |       |     6 |       ||     6
Armor: Robe              |    28 |    19 |       |       ||    47
       Scale mail        |       |    19 |   128 |       ||   147
       Leather armour    |       |       |    24 |    41 ||    65
Dodge: Dodged            |    79 |    74 |   225 |   138 ||   516
